 Dungeon Crawl Stone Soup version 0.20-a0-465-g6513c8f (webtiles) character file.

12364 Queen the Tortoise (level 11, -2/82 HPs)
             Began as a Minotaur Berserker on Jan 12, 2017.
             Was a High Priest of Trog.
             Slain by Oki's ghost (36 damage)
             ... on level 11 of the Dungeon.
             The game lasted 00:33:22 (8900 turns).

Queen the Tortoise (Minotaur Berserker)             Turns: 8900, Time: 00:33:22

Health: -2/82      AC: 21    Str: 23    XL:     11   Next: 61%
Magic:  0/10       EV:  4    Int:  4    God:    Trog [*****.]
Gold:   243        SH:  0    Dex: 12    Spells: 10/10 levels left

rFire  . . .     SeeInvis .     X - +0 scimitar (elec)
rCold  . . .     Gourm    .     I - +0 plate armour
rNeg   . . .     Faith    .     V - +0 large shield
rPois  .         Spirit   +     H - +0 hat
rElec  .         Reflect  .     (no cloak)
rCorr  +         Harm     .     T - +0 pair of gloves
MR     +....                    E - +1 pair of boots of Catt {Stlth+}
Stlth  ..........               M - amulet of guardian spirit
                                F - ring of resist corrosion
                                d - ring of protection from magic

@: confused, sleeping
A: retaliatory headbutt, horns 2
a: Berserk, Trog's Hand, Brothers in Arms, Burn Spellbooks, Renounce Religion


You were on level 11 of the Dungeon.
You worshipped Trog.
Trog was extremely pleased with you.
You were not hungry.

You visited 1 branch of the dungeon, and saw 11 of its levels.

You collected 685 gold pieces.
You spent 442 gold pieces at shops.

Inventory:

Hand Weapons
 X - a +0 scimitar of electrocution (weapon)
Missiles
 m - 6 poisoned tomahawks (quivered)
 J - 6 tomahawks
Armour
 E - the +1 pair of boots of Catt (worn) {Stlth+}
   (You found it on level 9 of the Dungeon)

   It makes you more stealthy.
 H - a +0 hat (worn)
 I - a +0 plate armour (worn)
 T - a +0 pair of gloves (worn)
 V - a +0 large shield (worn)
Jewellery
 d - a ring of protection from magic (left hand)
 F - a ring of resist corrosion (right hand)
 M - an amulet of guardian spirit (around neck)
 Q - a +4 ring of strength {unknown}
 Z - a +2 ring of protection {unknown}
Wands
 a - a wand of disintegration (13/24)
 n - a wand of iceblast (6/15)
 B - a wand of digging (13/24)
 G - a wand of confusion (21/48)
 L - a wand of confusion (16/48)
 P - a wand of random effects (35/48)
 R - a wand of confusion (32/48)
 W - a wand of flame (13/48)
Scrolls
 b - a scroll of immolation {unknown}
 f - 2 scrolls of fog
 g - 8 scrolls of remove curse
 k - 3 scrolls of teleportation
 l - a scroll of recharging {unknown}
 o - a scroll of magic mapping {unknown}
 q - a scroll of amnesia {unknown}
 s - 2 scrolls of enchant weapon {unknown}
 v - a scroll of vulnerability {unknown}
 y - a scroll of enchant armour {unknown}
 C - a scroll of fear
 K - a scroll of blinking {unknown}
 N - a scroll of noise {unknown}
 U - a scroll of brand weapon {unknown}
 Y - 2 scrolls of identify
Potions
 e - 2 potions of resistance
 h - 7 potions of curing
 p - 2 potions of agility
 r - a potion of mutation {unknown}
 t - a potion of flight {unknown}
 u - 2 potions of brilliance
 w - 2 potions of cancellation
 z - 3 potions of heal wounds {unknown}
 A - 2 potions of might
 D - a potion of beneficial mutation {unknown}
 O - 2 potions of ambrosia {unknown}
Books
 x - a book of Cantrips

   Spells                             Type                      Level
   a - Confusing Touch                Hexes                        1
   b - Animate Skeleton               Necromancy                   1
   c - Summon Small Mammal            Summoning                    1
   d - Apportation                    Translocation                1
   Trog disapproves of the use of such an item.
Comestibles
 c - 11 bread rations
 i - 18 fruits
 j - 3 meat rations
 S - 11 chunks of flesh


   Skills:
 - Level 3.6 Fighting
 - Level 14.8 Long Blades
 - Level 15.0 Armour
 - Level 2.1 Dodging
 + Level 4.8 Shields


You had 10 spell levels left.
You didn't know any spells.

Dungeon Overview and Level Annotations

Branches:
Dungeon (11/15)
 Temple: D:4-7         Lair: D:8-11         Orc: D:9-12

Altars:
Ashenzari
Dithmenos
Elyvilon
Kikubaaqudgha
Makhleb
Nemelex Xobeh
Qazlal
Vehumet
Zin
The Shining One

Shops:
D:9 **(!=

Annotations:
D:4 1 runed door
D:9 Prince Ribbit
D:11 Oki's ghost, journeyman FeEn


Innate Abilities, Weirdness & Mutations

You reflexively headbutt those who attack you in melee.
You have a pair of horns on your head.


Message History

You bump into the rock wall.
An adder comes into view.
You bump into the rock wall.
The adder hisses angrily.
Oki's ghost stares at you and mumbles some strange words.
You are more confused.
You bump into the rock wall.
You're too confused!
You bump into the rock wall.
Oki's ghost casts a spell at you. The spray of energy hits you!
Oki's ghost hits you!
You bump into the rock wall.
Oki's ghost hits you but does no damage.
You bump into the rock wall.
Oki's ghost barely misses you.
You bump into the rock wall.
Oki's ghost stares at you and mumbles some strange words.
You fall asleep.
Oki's ghost hits you!!!
You die...

#.......# #.#.....#
#.#.....# #>###.###
#.# #.# #####.#
#.####### .
#..>#.###........ ..#
#.#.......########...#
#...#......@WhS..<.#
##.######.########..)#
#.# #........ ... #.#
#........ ≈ #.#
#.....≈≈≈ ######.#
#...h;≈≈≈ #......#
##..≈≈≈≈≈ #.######
a..T.≈≈ #.# ...≈≈≈≈


You could see a hound, Oki's ghost and an adder.

Vanquished Creatures
  Gastronok (D:10)
  A two-headed ogre (D:10)
  The ghost of Banto the Spear-Bearer, a novice HuSk (D:6)
  A manticore (D:9)
  Joseph (D:9)
  3 trolls
  A hippogriff (D:7)
  A shadow (D:11)
  A spriggan (D:7)
  2 wyverns (D:10)
  Sigmund (D:6)
  A vampire (D:10)
  2 wraiths
  Edmund (D:5)
  A floating eye (D:10)
  Duvessa (D:6)
  An orc warrior (D:8)
  4 ice beasts
  2 sky beasts
  A black bear (D:9)
  An eye of draining (D:10)
  5 ogres
  3 phantoms
  A necrophage (D:10)
  6 centaurs
  3 wolves (D:11)
  A crocodile (D:10)
  A big kobold (D:10)
  9 bullfrogs
  Dowan (D:6)
  A wyvern zombie (D:10)
  A wyvern skeleton (D:10)
  6 killer bees (D:10)
  A howler monkey (D:8)
  4 crimson imps
  14 hounds
  9 jellies
  A quasit (D:10)
  7 orc priests
  12 orc wizards
  2 bullfrog skeletons (D:4)
  An iguana (D:4)
  6 centaur skeletons
  9 worker ants
  A hound skeleton (D:5)
  12 adders
  2 shadow imps (D:5)
  An ooze (D:3)
  An adder skeleton (D:7)
  2 worms
  2 dart slugs (D:1)
  4 leopard geckos
  38 orcs
  7 giant cockroaches
  4 goblins
  5 hobgoblins
  11 jackals (D:3)
  4 quokkas
  A ball python (D:1)
  5 bats
  5 frilled lizards
  A jackal skeleton (D:8)
  15 kobolds
  A leopard gecko skeleton (D:4)
  A leopard gecko zombie (D:5)
  A quokka skeleton (D:4)
  A quokka zombie (D:10)
  12 rats
270 creatures vanquished.

Notes
Turn   | Place    | Note
-------+----------+-------------------------------------------
     0 | D:1      | Queen the Minotaur Berserker began the quest for the Orb.
     0 | D:1      | Reached XP level 1. HP: 19/19 MP: 0/0
   221 | D:1      | Reached XP level 2. HP: 22/26 MP: 1/1
   568 | D:1      | Reached ** piety under Trog
   862 | D:2      | Reached skill level 5 in Long Blades
   870 | D:2      | Reached XP level 3. HP: 20/31 MP: 2/2
  1358 | D:2      | Reached XP level 4. HP: 36/39 MP: 3/3
  1491 | D:2      | Found a stormy altar of Qazlal.
  1711 | D:3      | Reached *** piety under Trog
  1866 | D:3      | Found a shattered altar of Ashenzari.
  1950 | D:3      | Reached XP level 5. HP: 30/45 MP: 4/4
  2397 | D:4      | Found a glowing silver altar of Zin.
  2397 | D:4      | Found a runed door.
  2397 | D:4      | Noticed an angel
  2528 | D:4      | Reached XP level 6. HP: 28/51 MP: 5/5
  2827 | D:4      | Noticed a sky beast
  2836 | D:4      | Killed a sky beast
  2908 | D:4      | Reached XP level 7. HP: 57/57 MP: 6/6
  3273 | D:4      | Reached skill level 10 in Long Blades
  3431 | D:5      | Entered Level 5 of the Dungeon
  3630 | D:5      | Reached **** piety under Trog
  3651 | D:5      | Found a shadowy altar of Dithmenos.
  3651 | D:5      | Found a sparkling altar of Nemelex Xobeh.
  3651 | D:5      | Found a burning altar of Makhleb.
  3893 | D:5      | Noticed Edmund
  3899 | D:5      | Killed Edmund
  3899 | D:5      | Reached XP level 8. HP: 64/64 MP: 7/7
  4028 | D:5      | Found a glowing golden altar of the Shining One.
  4112 | D:5      | You fall through a shaft for 2 floors!
  4334 | D:7      | Found a white marble altar of Elyvilon.
  4342 | D:7      | You fall through a shaft for 2 floors!
  4357 | D:9      | Found Taso's Jewellery Shoppe.
  4362 | D:9      | Got a pair of faintly glowing boots
  4368 | D:9      | Identified the +1 pair of boots of Catt {Stlth+} (You found it on level 9 of the Dungeon)
  4774 | D:6      | Noticed Sigmund
  4778 | D:6      | Killed Sigmund
  4863 | D:6      | Noticed Dowan
  4864 | D:6      | Noticed Duvessa
  4884 | D:6      | Killed Duvessa
  4891 | D:6      | Killed Dowan
  4891 | D:6      | Reached XP level 9. HP: 53/70 MP: 8/8
  4944 | D:6      | Found a radiant altar of Vehumet.
  5024 | D:6      | Noticed Banto's ghost (novice HuSk)
  5031 | D:6      | Killed Banto's ghost
  5138 | D:6      | Reached skill level 3 in Armour
  5209 | D:6      | Reached skill level 4 in Armour
  5384 | D:7      | Reached skill level 5 in Armour
  5517 | D:7      | Reached skill level 6 in Armour
  5669 | D:7      | Reached skill level 7 in Armour
  5803 | D:8      | Reached skill level 8 in Armour
  6204 | D:8      | Reached XP level 10. HP: 77/77 MP: 9/9
  6695 | D:9      | Found Cautsug's Assorted Antiques.
  6700 | D:9      | Bought a large shield for 112 gold pieces
  6769 | D:9      | Found Xoestue's Antique Weapon Shop.
  6779 | D:9      | Bought a glowing scimitar for 330 gold pieces
  6795 | D:9      | Found Vitih's Demolitions Depot.
  6833 | D:9      | Reached skill level 9 in Armour
  6837 | D:9      | Noticed a manticore
  6850 | D:9      | Killed a manticore
  6944 | D:9      | Found Cefaor's Distillery.
  7206 | D:9      | Reached skill level 10 in Armour
  7252 | D:9      | Noticed Prince Ribbit
  7281 | D:9      | Noticed Joseph
  7301 | D:9      | Killed Joseph
  7456 | D:10     | Entered Level 10 of the Dungeon
  7512 | D:10     | Reached skill level 11 in Armour
  7519 | D:10     | Found an ancient bone altar of Kikubaaqudgha.
  7541 | D:10     | Noticed Gastronok
  7562 | D:10     | Killed Gastronok
  7562 | D:10     | Reached skill level 13 in Armour
  7562 | D:10     | Reached XP level 11. HP: 44/82 MP: 5/10
  7661 | D:10     | Reached ***** piety under Trog
  8219 | D:10     | Reached skill level 14 in Armour
  8564 | D:10     | Noticed a two-headed ogre
  8574 | D:10     | Killed a two-headed ogre
  8595 | D:10     | Reached skill level 15 in Armour
  8697 | D:11     | Reached skill level 1 in Shields
  8882 | D:11     | Noticed Oki's ghost (journeyman FeEn)
  8900 | D:11     | Slain by Oki's ghost

Vault maps used:
D:1:      minmay_arrival_four_houses, minmay_misc_feat_tiny
D:2:      lemuel_coloured_pillars_altar
D:3:      evilmike_ruin_ashenzari
D:4:      first_bread, lemuel_angel_altar
D:5:      nicolae_overflow_quartered_altars, uniq_edmund
D:6:      vehumet_crystals, uniq_duvessa, uniq_sigmund
D:7:      lemuel_upstairs_altar, lemuel_round_altar, the_bakery
D:8:      nrook_mini_vaults, st_stairs_1
D:9:      serial_shops, shop, shop_statue, shop, kennysheep_little_box,
          nicolae_blasting_shop, uniq_joseph, uniq_prince_ribbit1
D:10:     serial_column_ruins, column_ruins_hut_pillars,
          column_ruins_square_huge, column_ruins_grid_2,
          column_ruins_open_small, column_ruins_open_medium_water, basic_altar,
          minivault_24, kennysheep_pointless_box, onia_ninara_cookie,
          uniq_gastronok
D:11:     erik_lair_island

Skill      XL: |  1  2  3  4  5  6  7  8  9 10 11 |
---------------+----------------------------------+-----
Long Blades    | 4 5 7 8 9 11 13 14 | 14.8
Armour         | 8 13 15 | 15.0
Shields        | 4 |  4.8
Fighting       | |  3.6
Dodging        | |  2.1

Action                   |  1- 3 |  4- 6 |  7- 9 | 10-12 || total
-------------------------+-------+-------+-------+-------++-------
Melee: Falchion          |    73 |   111 |   127 |       ||   311
       Headbutt          |    10 |    18 |    63 |    85 ||   176
       Scimitar          |       |       |   116 |   356 ||   472
Throw: Tomahawk          |       |     6 |       |       ||     6
Invok: Berserk           |       |     3 |     9 |     3 ||    15
       Trog's Hand       |       |     1 |     1 |     5 ||     7
  Use: Scroll            |       |     4 |     7 |       ||    11
 Stab: Sleeping          |     1 |       |       |       ||     1
  Eat: Chunk             |     1 |     8 |    13 |    15 ||    37
       Meat ration       |       |       |     1 |       ||     1
       Fruit             |       |       |     1 |       ||     1
Armor: Animal skin       |     4 |       |       |       ||     4
       Ring mail         |    18 |    37 |       |       ||    55
       Scale mail        |       |     4 |       |       ||     4
       Chain mail        |       |       |    34 |       ||    34
       Plate armour      |       |       |    57 |   213 ||   270
Dodge: Dodged            |    49 |    81 |    71 |    49 ||   250
Block: Large shield      |       |       |       |   206 ||   206
       Rpst.: Falchion   |    10 |    23 |     8 |       ||    41
       Scimitar          |       |       |     9 |    11 ||    20
